[Event "44th Chess Olympiad Open 2022"]
[Site "Chennai"]
[Date "2022.08.06"]
[Round "8.8"]
[White "Ganguly, Surya Shekhar"]
[Black "Cordova, Emilio"]
[Result "0-1"]
[WhiteElo "2608"]
[BlackElo "2549"]
[Annotator "TA"]
[PlyCount "74"]
[EventDate "2022.??.??"]
[TimeControl "60"]

1. e4 c5 2. Nf3 Nc6 3. d4 cxd4 4. Nxd4 Nf6 5. Nc3 d6 6. Bg5 e6 7. Qd3 Bd7 $1 {[%emt 0:00:27] outshines the
older 7...a6.} 8. O-O-O a6 9. f4 Be7 {[%emt 0:01:57] B62: Sicilian: Richter-Rauzer: 6...e6: Unusual White
7th moves.} 10. Nf3 h6 11. Bxf6 gxf6 {[%emt 0:00:30] White is slightly better.} 12. Kb1 {[%emt 0:07:19] 
[#]} Qc7 $146 ({Predecessor:} 12... Qa5 13. Qe3 Qc5 14. Qe1 b5
15. e5 dxe5 16. Ne4 Qb6 17. fxe5 fxe5 18. Qg3 O-O-O 19. Nxe5 Nxe5 20. Qxe5 {
0-1 (44) Garrido Outon,A (2436)-Fier,A (2567) Gijon 2022}) 13. g3 O-O-O 14. Bh3 Kb8 15.
Rhe1 Bc8 16. Qe3 Na5 17. Nd4 Rhe8 18. Qf3 Bf8 19. Qh5 ({White should try} 19. Bf1 $16) 19... Nc4 (19... d5 $5) 20. Bf1 d5 21.
exd5 {[%emt 0:02:30] Strongly threatening Bxc4.} Na3+ 22. Kc1 Bb4 (22... e5 $1 $11 {keeps the balance.} 23.
Nb3 exf4) 23. Re3 $16 (23. bxa3 $2 Bxc3 24. Re3 Qa5 25. Rxc3
Qxc3 $19) 23... e5 24. fxe5 Rxe5 25. Qxh6 (25. Qf3 $1 $16) 25... Bg4 $1 $14 26. Be2 Bxe2 (26... Nc4 $1 $14 27. Rxe5
(27. Bxg4 $2 Nxe3 28. Nde2 Bxc3 $19) 27... fxe5 28. Bxg4 Bxc3 29. bxc3 Qa5) 27.
Ncxe2 $16 {[%emt 0:02:27] Pair of Knights!} Rde8 28. bxa3 $2 Bf8 $11 29. Nc6+ $1 Qxc6 $1 30. Qf4 (30. dxc6 $2 {too greedy.} Bxh6 31. Kb2 Bxe3 $19) 30... Qd6 $40 {[%emt 0:00:05]
Black is up to no good.} 31. Rxe5 Rxe5 32.
Qc4 (32. Nd4 $11) 32... Qxa3+ $19 33. Kb1 {
[%emt 0:00:12] [#]} Rxe2 34. d6 {[%emt 0:01:12] Threatens to
win with d7.} (34. Qxe2 Qb4+) 34... Re6 35. Qc7+ Ka7 36. d7 Be7 (36...
Re4 $142 37. c4 Re2 38. Qb6+ Kxb6 39. d8=Q+ Ka7 40. Rd2 Re1+ 41. Rd1 Qb4+ 42.
Kc2 Qa4+ 43. Kb2 Ba3+ 44. Kc3 Qb4+ 45. Kd3 Rxd1+ 46. Ke2 Rxd8 47. Kf3 Qxc4 48.
g4 Rd3+ 49. Kg2 Qxa2+ 50. Kh1 Rd1#) 37. Ka1 Rc6 {[%emt 0:00:
30] Weighted Error Value: White=0.81/Black=0.34} 0-1

[Event "44th Chess Olympiad Open 2022"]
[Site "Chennai"]
[Date "2022.08.06"]
[Round "8.8"]
[White "Cruz, Cristhian"]
[Black "Sethuraman, S.P..."]
[Result "1/2-1/2"]
[WhiteElo "2579"]
[BlackElo "2623"]
[Annotator "TA"]
[PlyCount "117"]
[EventDate "2022.??.??"]
[TimeControl "60"]

1. d4 Nf6 2. c4 e6 3. Nc3 d5 4. cxd5 exd5 5. Bg5 Bb4 6. e3 h6 7. Qa4+
{[%emt 0:04:18] D35: Queen's Gambit Declined: Exchange Variation.} Nc6 8. Bh4 g5 9. Bg3 Ne4 10. Bb5 Bxc3+ 11. bxc3 Bd7 {[%emt 0:00:04] [#]} 12. Qc2 $146 ({Predecessor:} 12. Qa3 h5 13. f3 Nxg3 14. hxg3 Qf6 15. Ne2
O-O-O 16. c4 dxc4 17. Bxc4 h4 18. gxh4 gxh4 {0-1 (41) Muradli,M (2503)
-Abdusattorov,N (2633) Sitges 2021}) 12... h5 {[%emt 0:08:25] ...h4 is the
strong threat.} 13. Ne2 (13. f3 $11 {keeps the balance.} Nxg3
14. hxg3) 13... Qe7 (13... h4 $17 14. Bxc6 Bxc6) 14. h4 ({Better is} 14. Bxc7 $14 Bf5 15. f3) 14... O-O-O $11 15. hxg5 Nxg3 16. Nxg3 Qxg5 (16... h4 $5 17. Ne2 Qxg5 $11) 17.
Bxc6 bxc6 18. Qa4 (18. Rh2
$11) 18... Rde8 $17 19. Kd2 {[%emt 0:11:24] [#]} h4 $1 20. Ne2 Qxg2 21. Rhf1 (21. Qxa7 $2 Bf5 22. Qa6+ Kd7 $19) (21. Raf1 $17) 21... Qe4 (21... Qf3 $19 {is more deadly. Strongly threatening ...h3.}
22. Ng1 (22. Qxa7 $2 Bg4 $19) 22... Qg2) 22. Nf4 Bf5 23. Qxc6 {[%emt 0:01:50] [#]} Rh6 $1 24. Qa8+ (24. Qxh6 Qc2+ 25. Ke1 Qxc3+ 26. Kd1 Qxa1+ 27. Ke2 Bg4+ 28. f3
Qxa2+ 29. Kd1 Qb3+ 30. Kc1 Qxe3+ 31. Kb2 Qxd4+ 32. Kb1 Bf5+ 33. Ka2 Qc4+ 34.
Kb2 Qxf1) 24... Kd7 25. Qxd5+ Qxd5 26. Nxd5 h3 (26... Rb8 $1 $15 27. c4
Rb2+ 28. Kc3 Re2) 27. f3 $1 $11 Rb8 28. e4 Be6 $132 {[%emt 0:00:11] Black is not keeping still} 29. Nf4 (29. Nb4 $11 Bc4 30. Rf2) 29... Rb2+ 30. Ke3 {
[%emt 0:00:06] Threatens to win with d5.} Bxa2 (30... h2 $15 {
stays ahead.}) 31. Nd3 $16 Rg2 {[%emt 0:00:36] [#]} 32. Rh1 (32. Rf2 $1 $16 Rxf2 33. Nxf2 (33. Kxf2 h2 $11)) 32... h2 $11 33. Nf2 Bb3 34. Rxa7 Rc6 (34... f6 $11) 35. Ng4 $1 $14 {[%emt 0:00:
00] And now Ne5+ would win.} Rxc3+ 36. Kf4 Rcc2 37. Ne3 ({White should try} 37. Raa1 $14
Rb2 38. d5) 37... Rg1 $11 {[%emt 0:00:05] The position is equal.} 38. Ra1 Rxa1 39. Rxa1 {[%emt 0:00:04] Endgame KRB-KRN}
Rd2 40. Rh1 {[%emt 0:00:13] Prevents Rd1.} Rxd4 41. Rxh2 c5 42.
Rh5 Kc6 43. Rh6+ Kb5 44. Rh8 Be6 45. Rb8+ Kc6 46. Rb1 c4 47. Rd1 Kc5 {[%emt 0:00:00] aiming for ... Rxd1.} 48. Ke5 Rd3 49. Rxd3 cxd3 {[%emt 0:
00:00] KB-KN} 50. Nf1 Kc4 (50... Bh3 $5 51.
Nd2 Be6 $15) 51. Kf4 Kd4 52. Nd2 Bh3 53. Nb1 Bd7 54. Nd2 Ba4 55. Nf1 Bb5 56. Nd2 Bd7 57. Nf1 f6 58. Nd2 Be6 59. Nf1 {
[%emt 0:00:40] Weighted Error Value: White=0.18 (very precise) /Black=0.18 
(very precise)} 1/2-1/2

[Event "44th Chess Olympiad Open 2022"]
[Site "Chennai"]
[Date "2022.08.06"]
[Round "8.8"]
[White "Vera Siguenas, Deivy"]
[Black "Karthikeyan, Murali"]
[Result "1/2-1/2"]
[WhiteElo "2503"]
[BlackElo "2613"]
[Annotator "TA"]
[PlyCount "84"]
[EventDate "2022.??.??"]
[TimeControl "60"]

1. d4 Nf6 2. c4 e6 3. Nc3 Bb4 4. e3 O-O 5. Bd3 d5 6. Nf3 dxc4 7. Bxc4 c5 8. O-O Nc6 9. Bd3
{[%emt 0:03:41] E54: Nimzo-Indian: Rubinstein: Main Line: 7...dxc4 8 Bxc4.} h6
{[%emt 0:00:38] 9...Qe7 is not played anymore.} 10. dxc5 Bxc5 11. a3 Bd6 {[%emt 0:06:43] [#]} 12. Ne4 $146 ({Predecessor:} 12. b4 Ne5 13. Nxe5 Bxe5 14. Bb2 Nd5 15. Qd2
b6 16. Nxd5 Qxd5 17. Rad1 Bb7 18. f4 Bxb2 19. Qxb2 {½-½ (61) Jones,G (2660)
-Cornette,M (2606) Porticcio 2017}) 12... Nxe4 13. Bxe4 Ne5 14. Bd2 f5 15. Bc3 Qc7 (15... fxe4 $14 16. Nxe5
Bxe5 17. Bxe5 Qd5) 16. Bxe5 $16 Bxe5 17. Rc1 Qd6 18. Nxe5 Qxe5 19. Bf3 Rb8 20. Qa4 a5 21. Rfd1 b6 22. Qd4 {
[%emt 0:01:36] White is more active.} Qxd4 23. Rxd4 Bb7 24. Rc7 (24. Bxb7 $16 Rxb7 25.
Rc6) 24... Rfc8 $1 $11 {[%emt 0:00:31] The position is equal.} 25. Rdd7 Rxc7 26. Rxc7 Rc8 27. Rxc8+ Bxc8 {[%emt 0:00:05] Endgame KB-KB} 28. Kf1 Kf7 29. Ke1 Kf6 30. Kd2 g5 31. Kc3 Ke5 32. Ba8 Ba6 33. b4 f4 34. exf4+ Kxf4 35. bxa5 bxa5 36. g3+ Kg4 37. Bg2 {[%emt 0:00:11] Inhibits Bf1. Threatens to win with
Kd4.} e5 38. Kd2 Kf5 39. Bd5 Bf1 40. Ke3 h5 41. Be4+ Kf6 $1 42. h4 gxh4 {[%emt 0:00:21] Weighted Error Value: White=0.06 (flawless) /Black=0.05 
(flawless)} 1/2-1/2

[Event "44th Chess Olympiad Open 2022"]
[Site "Chennai"]
[Date "2022.08.06"]
[Round "8.9"]
[White "Brkic, Ante"]
[Black "Juksta, Karolis"]
[Result "1-0"]
[WhiteElo "2611"]
[BlackElo "2412"]
[Annotator "TA"]
[PlyCount "63"]
[EventDate "2022.??.??"]
[TimeControl "60"]

1. e4 e6 2. d4 d5 3. Nc3 dxe4 4. Nxe4 Nd7 5. Nf3 Ngf6 6. Bg5 h6 7. Bh4 c5 {[%emt 0:00:00] C13: French:
Classical System: 4 Bg5 Be7, Alekhine-Chatard Attack.} 8. c3 Be7 9. Bxf6 {[%emt 0:05:06] [#]} gxf6 $146 {[%emt 0:02:35]
White is slightly better.} ({Predecessor:} 9... Bxf6 10. dxc5 O-O 11. Nxf6+
Qxf6 12. Qd6 Qf5 13. b4 Qe4+ 14. Kd2 Qg6 15. Bd3 Qf6 {1-0 (65) Hector,J (2550)
-Koch,M (2251) Nuremberg 2007}) 10. d5 {[%emt 0:18:29] aiming for dxe6.} exd5 11. Qxd5 {[%emt 0:00:28] Threatens to win with 0-0-0.} Nb6 {
[%emt 0:01:08] [#]} ({Black should try} 11... Qc7 $1 $14) 12. Bb5+ $1 $40 {
[%emt 0:07:56] Black is in trouble.} Kf8 (12... Bd7 $16 13.
Bxd7+ Qxd7 14. Qxd7+ Kxd7) 13. Qxd8+ $18 Bxd8 14. Nxc5 Rg8 15. g3 {
[%emt 0:08:20] White is much more active.} Be7 16. Nb3 Be6 17. Nbd4 Bd5 18. a4 Nc4 19. Bxc4 Bxc4 20. O-O-O a5 21. Rhe1 Bc5 22. Nh4 {[%emt 0:04:54][%cal Yf3h4,Yh4f5,
Yf5d6,Yd6b7,Yb7a5,Ya5c6] Pair of Knights!} Re8 (22... Rg5 {
was called for.} 23. Nhf5 Bxd4 24. Nxd4 Re5) 23. Rxe8+ Kxe8 24. Nhf5 h5 25. f4 Be6 26. Nxe6 fxe6 {[%emt 0:00:06]
Endgame KRB-KRN} 27. Nd6+ Ke7 28. Nxb7 Be3+ 29. Kc2 h4 $2 (29... Bb6 {might work better.} 30. Nd6 h4) 30. Nxa5 {[%emt 0:00:42] 
[#] Hoping for Nc6+. White is clearly winning.} f5 31. Nc6+ Kf6 32. a5 {[%emt 0:00:49] Black got
outplayed after the opening. Weighted Error Value: White=0.02 (flawless) /
Black=0.36} 1-0

[Event "44th Chess Olympiad Open 2022"]
[Site "Chennai"]
[Date "2022.08.06"]
[Round "8.9"]
[White "Bosiocic, Marin"]
[Black "Kazakouski, Valery"]
[Result "0-1"]
[WhiteElo "2549"]
[BlackElo "2528"]
[Annotator "RC"]
[PlyCount "132"]
[EventDate "2022.??.??"]
[TimeControl "60"]

1. Nf3 d5 2. g3 Nd7 3. d4 Nb6 4. Nbd2 Bf5 5. Bg2 e6 6. O-O Nf6 7. Nh4 c6 8. f3 Be7 9. c3 Bg6 10. Nxg6 hxg6 11. e4 c5 12. e5 Nfd7 13. f4 Rc8 14. g4 cxd4 15. cxd4 Qc7 16. Qf3 f5 17. exf6 gxf6 18. Qe2 Qd6 19. Nf3 f5 20. a4 Nf6 21. a5 Nbd7 22. a6 b6 23.
Be3 Nxg4 24. Rac1 Kf7 25. Bd2 Kg7 26. Rfe1 Ngf6 27. Qxe6 Rxc1 28. Bxc1 Ne4 29. Ng5 Qxe6 30. Nxe6+ Kf7 31. Nc7 Bh4 32. Bxe4 dxe4 33. Rd1 Nb8 34. Bd2 Rd8 35. Nb5 Nxa6 36. Ra1 Nb8 37. Rxa7+ Rd7 38. Ra4 Nc6 39. Rc4 Ne7 40. Bb4 Nd5 41. Bd6 g5 42. fxg5 f4 43. Rc6 f3 44. g6+ Kxg6 45. Bg3+ Kh5 46. Re6 Bxg3 47. hxg3 e3 48. Nc3 Kg4 49. Nxd5 Rxd5 50. Rxe3 Rxd4 51. Re8 Rd1+ 52. Kf2 Rd2+ 53. Kf1 Rxb2 54. Rg8+ Kh3 55. Rh8+ Kxg3 56. Rg8+ Kf4 57. Re8 b5 58. Re7 b4 59. Re8 b3 60. Rf8+ Ke3 61. Re8+ Kd3 62. Rd8+ Kc2 63. Rc8+ Kd1 64. Rb8 Rb1 65. Kf2 Kc2 66. Kxf3 Re1 0-1

[Event "44th Chess Olympiad Open 2022"]
[Site "Chennai"]
[Date "2022.08.06"]
[Round "8.9"]
[White "Pultinevicius, Paulius"]
[Black "Kozul, Zdenko"]
[Result "1-0"]
[WhiteElo "2539"]
[BlackElo "2602"]
[Annotator "TA"]
[PlyCount "103"]
[EventDate "2022.??.??"]
[TimeControl "60"]

1. d4 Nf6 2. c4 g6 3. Nc3 Bg7 4. e4 d6 5. Nf3 O-O 6. Be2 Na6 7. O-O e5 8. Re1 c6 9. d5 (9. Be3 $5 ) 9... Nc5 {[%emt 0:01:04] E94:
King's Indian: Classical: 6 Be2 e5 7 0-0: Various Black 7th moves.} 10. Qc2 a5 11. Bg5 Bd7 {[%emt 0:00:
00] White is slightly better.} 12. Nd2 {[%emt 0:14:04] [#]} Qc7 $146 ({Predecessor:} 12... Qb8 13. Nb3 Nxb3 14. axb3 h6 15. Be3 Qc7 16. Qd2
Kh7 17. h3 c5 18. f4 exf4 19. Bxf4 {½-½ (64) Zilberman,Y (2452)-Seeman,T 
(2412) Moscow 2006}) 13. Nb3 Na6 14. Rad1 a4 {[%emt 0:05:35] aiming for ...Nb4.} 15. Nc1 cxd5 (15... Nc5 {is more complex.} 16. Bf1 h6 17. Bxf6 Bxf6
18. Nd3 Nxd3 19. Rxd3 c5) 16. Bxf6 (16. Nxd5 Nxd5 17. exd5 b5
$17) (16. cxd5 b5 $11) 16... Nb4 (16... Bxf6 $11 17. Nxd5 Qd8)
17. Nxd5 $16 Nxc2 18. Nxc7 {[%emt 0:00:06]
Pair of Knights!} Bxf6 19. Nxa8 Rxa8 (19... Nxe1 $2 20. Nb6 (20. Rxd6 Bc6 $14) 20... Bc6 21. Rxe1
$18) 20. Rd3 $2 d5 $2 ({Better is} 20... Nxe1 $19 21. Rxd6 Be6
) 21. Rxd5 Nxe1 22. Rxd7 Bg5 23. Rd1 Nc2 24. Nd3 f6 25. Bg4 h5 ({Black should try} 25... Kf7 $14) 26. Be6+ Kf8 27. Bd5 Ra7 28. g3 Bh6 29. f4 a3 (29... exf4 $16
30. gxf4 (30. Nxf4 Bxf4 31. gxf4 Nb4 $16) 30... g5) 30. b4 $18 (30. fxe5 axb2 31. c5 (31. Nxb2 Rxa2 32. Nd3 Ne3 $11) 31... Bc1 32. Nxb2 Bxb2
$14) 30... b6 31. Rd2 ({Don't take} 31. fxe5
$6 Be3+ 32. Kf1 Bd4 $16) 31... Nd4 {[%emt 0:00:39] And now ...Nf3+ would win.}
32. Rf2 {[%emt 0:00:58] Prevents Nf3+.} exf4 33. gxf4 ({Much weaker is} 33. Nxf4 $6 Bxf4 34. gxf4 Ra4 $11) 33... Rg7 (33... Ke7 {might work better.} 34. Rg2 g5) 34. h4 Ke8 35. Kf1 Rc7 (
35... Ke7 $142 36. c5 b5) 36. Rg2 Rg7 37. Rf2
$2 ({White should play} 37. b5 $18) 37... Re7 $2 (37... Rc7 $1 $11) 38. Kg2 Bf8 39. Rd2 {
[%emt 0:00:34] Black must now prevent c5.} Rc7 40. Kf2 Nc6 41. Bxc6+ Rxc6 {[%emt 0:
30:04] Endgame [#] KRB-KRN} 42. Rc2 f5 43.
Ne5 (43. Ke3 $18) 43... Re6 $16 44. c5 bxc5 (44... Bg7 $16 {was called for.}) 45.
bxc5 $18 Bg7 $2 (
45... Kd8 46. exf5 gxf5) 46. c6 {[%emt 0:00:00] Intending c7 and mate.} Bxe5 47. fxe5 {[%emt 0:00:00][%cal Yf4e5,Ye5e6] White threatens c7
and mate. KR-KR} Kd8 48. Rc5 fxe4 {[%emt 0:
00:00] [#]} 49. c7+ $1 ({Less strong is} 49. Ke3 Kc7 $16)
49... Kc8 50. Ke3 Rb6 51.
Rc4 Rb7 52. e6 {[%emt 0:00:36] Weighted
Error Value: White=0.36/ Black=0.64} 1-0

[Event "44th Chess Olympiad Open 2022"]
[Site "Chennai"]
[Date "2022.08.06"]
[Round "8.9"]
[White "Stremavicius, Titas"]
[Black "Saric, Ivan"]
[Result "1/2-1/2"]
[WhiteElo "2532"]
[BlackElo "2680"]
[Annotator "TA"]
[PlyCount "92"]
[EventDate "2022.??.??"]
[TimeControl "60"]

1. c4 Nf6 2. Nc3 e5 3. Nf3 Nc6 4. e3 Bb4 5. Qc2 Bxc3 6. bxc3 O-O 7. e4 {[%emt 0:00:07] A28: English Opening: Four
Knights Variation.} d6 8. g3 a5 9. Bg2 {[%emt 0:02:45] [#] White is slightly better.} a4 $146 ({Predecessor:} 9... Bg4 10. O-O Bxf3 11. Bxf3 Nd7 12. d3 Nc5 13. Bg2 Qd7
14. f4 exf4 15. Bxf4 Ne6 {1-0 (46) Kezin,R (2470)-Vaishali,R (2393) Chess.com
INT 2020}) 10. O-O Bd7 11. Rb1 Qc8 12. Nh4 Bh3 13. Nf5 Bxg2 14.
Kxg2 g6 15. Ne3 b6 16. d3 Ne7 17. d4 Qb7 18. f3 Nd7 19. Nd5 Nxd5 20. cxd5 f5 21. Bh6 Rf7 22. g4 c6 23. exf5 gxf5 24. gxf5 cxd5 25. Kh1 Kh8 26. Rg1 Nf6 27. Rg3 Ng8 {[%emt 0:12:30] [#]} ({Black should try} 
27... e4 $1 $14) 28. Be3 {[%emt 0:08:09] White is more active.} (28. Bg5 $1 $16
) 28... Ne7 $11 29. Rg5 Qd7 30. f6 ({Much weaker is} 30. Rxb6 Nxf5 31. Qd2
e4 32. fxe4 Nxe3 33. Qxe3 Rf1+ 34. Kg2 Raf8 $15) 30... Rxf6 31. dxe5 (31. Rh5 $2 e4 32. f4 (32. fxe4 $2 Qg4 $19) 32... Nf5
$19) 31... dxe5 32. Rxe5 {[%emt 0:00:10] aiming for Bd4.} (32.
Rh5 Nf5 33. Qe2 Nxe3 34. Qxe3 Rg8 35. Qxe5 Qg7 $17) 32... Nc6 {[%emt 0:01:44] 
[#]} 33. Rxb6 (33. Rg5 $1 $16) 33... Rxf3 {[%emt 0:01:54] The
position is equal.} 34. Rxc6 {[%emt 0:00:43][%cal Ye3d4] White threatens Bd4!
and mate.} Rxe3 (34... Qxc6 $2 35. Bd4 (35. Rh5 Rf1+ 36. Kg2
d4+ 37. Kxf1 Qh1+ 38. Bg1 Qf3+ 39. Qf2 Qxh5 $17) 35... Rf1+ 36. Kg2 $18) 35.
Rxe3 {[%emt 0:01:14][%cal Yc2d1,Ye5e3,Ye3f3,Yf3c3,Yc3c7,Yc7a7] Qd1! would kill
now.} Qxc6 $16 {[%emt 0:00:03] Endgame KQR-KQR} 36. Qd3 {[%emt 0:01:27] White
wants to mate with Qd4+.} d4+ 37. Rf3 Qxc3 38. Qxc3 (38. Qe4 {with more complications.}
Qc1+ 39. Kg2 Rg8+ 40. Rg3) 38... dxc3 39. Rxc3 $11 {[%emt 0:
00:01] KR-KR} Rb8 40. Rc7 Rb1+ 41. Kg2 Rb2+ 42. Kg3 Rxa2 43. Ra7 a3 44. h4 Ra1 {[%emt 0:02:52] And now ...a2 would win.} 45. Kg4 Rg1+ 46. Kh3 Ra1 {[%emt 0:02:03]
Weighted Error Value: White=0.10 (very precise) /Black=0.10 (very precise)}
1/2-1/2

[Event "44th Chess Olympiad Open 2022"]
[Site "Chennai"]
[Date "2022.08.06"]
[Round "8.10"]
[White "Nguyen, Thai Dai Van"]
[Black "Subelj, Jan"]
[Result "1/2-1/2"]
[WhiteElo "2629"]
[BlackElo "2498"]
[Annotator "TA"]
[PlyCount "24"]
[EventDate "2022.??.??"]
[TimeControl "60"]

1. c4 e5 2. g3 Nf6 3. Bg2 c6 4. d4 e4 5. Bg5 d5 6. Bxf6 {[%emt 0:05:09]
A20: English Opening: 1...e5.} Qxf6 7. Nc3 {[%emt 0:00:19] [#]
} Qd8 $146 (7... Bb4 $11) ({Predecessor:} 7... Bb4 8. e3 O-O
9. Nge2 Be6 10. O-O Qe7 11. Nf4 Bxc3 12. bxc3 Nd7 13. Qb3 Nb6 14. cxd5 cxd5 {
½-½ (27) So,W (2754)-Anand,V (2767) Zagreb 2019}) 8. e3 (8.
cxd5 $16 cxd5 9. e3 (9. Qb3 Be6 $14)) 8... Be6 9. Nge2 Bd6 10. Qb3 Qb6 11. cxd5 Qb5 $2 {[%emt 0:07:14] [#]} 12. Qb4 $4 Qxb4 {
[%emt 0:00:33] Weighted Error Value: White=0.89/Black=0.29 (precise) . An
unexpected result.} 1/2-1/2

[Event "44th Chess Olympiad Open 2022"]
[Site "Chennai"]
[Date "2022.08.06"]
[Round "8.10"]
[White "Michalik, Peter"]
[Black "Dobrovoljc, Vid"]
[Result "1/2-1/2"]
[WhiteElo "2559"]
[BlackElo "2398"]
[Annotator "TA"]
[PlyCount "73"]
[EventDate "2022.??.??"]
[TimeControl "60"]

1. e4 c5 2. Nf3 Nc6 3. d4 cxd4 4. Nxd4 Nf6 5. Nc3 e5 6. Ndb5 d6 7. Nd5 Nxd5 8. exd5 Ne7 9. c3 Nf5 10. Bd3 {[%emt 0:02:18] aiming for Qa4.} Be7 {
[%emt 0:06:43] B33: Sicilian: Pelikan and Sveshnikov Variations.} 11. O-O O-O 12. a4 Bd7 13. Kh1 g6 {[%emt 0:08:42] [#]} 14. Na3
$146 ({Predecessor:} 14. f4 a6 15. Na3 exf4 16. Bxf4 Bg5 17.
Nc4 Bxf4 18. Rxf4 Re8 19. Qg1 Rb8 20. a5 {0-1 (52) Molnar,E (2261) -Haring,V 
(2320) Liptovsky Mikulas 2018}) 14... Rc8 15. Nc4 Ng7 16. Be3 b6 17. a5 Nf5 18. Bd2 e4 19. Be2 Rc5 20. axb6 axb6 {[%emt 0:00:21] [#]} 21. Ne3 (21. g4 $1
$16 Bb5 22. Na3 (22. gxf5 Bxc4 23. Bxc4 Rxc4 $14) 22... Bxe2 23.
Qxe2) 21... Bg5 22. Nxf5 Bxf5 23. Bxg5 Qxg5 24. Qd4 Re8 25. b4 Rcc8 26. c4 ({Reject} 26. Qxb6 Rxc3 27. Qxd6 Bc8 $11) (26. Bb5 $16 Re5 27. Bc6 (27.
Qxb6 Rxd5 28. Bc6 Rd2 $11)) 26... Bg4 $11 {[%emt 0:06:11] The position is
equal.} 27. Bxg4 Qxg4 28. Rac1 Rb8 29. c5 bxc5 30.
bxc5 dxc5 31. Rxc5 Qe2 {
[%emt 0:01:19][%cal Re2f1] [#]} 32. Rcc1 Qd3 33. Rfd1 Qxd4 34. Rxd4 Kg7 35. d6 Red8 36. Rxe4 Rxd6 37. Re2 {
[%emt 0:00:05] Weighted Error Value: White=0.10 (very precise) /Black=0.07 
(flawless)} 1/2-1/2

[Event "44th Chess Olympiad Open 2022"]
[Site "Chennai"]
[Date "2022.08.06"]
[Round "8.10"]
[White "Sebenik, Matej"]
[Black "Navara, David"]
[Result "1/2-1/2"]
[WhiteElo "2512"]
[BlackElo "2688"]
[Annotator "TA"]
[PlyCount "192"]
[EventDate "2022.??.??"]
[TimeControl "60"]

1. c4 e5 2.
Nc3 Nf6 3. Nf3 Nc6 4. g3 Bb4 5. Nd5 e4 6. Nh4 O-O 7. Bg2 d6 8. b3 Bc5 9. Bb2 Bd4 10. Bxd4 Nxd4 11. e3 g5 12. exd4 gxh4 13. O-O Nxd5 14. cxd5 Bf5 15. Qh5 Bg6 16. Qxh4 Qxh4 17. gxh4 f5 18. Rac1 Rf7 19. f3 Raf8 20. fxe4 fxe4 21. Rxf7 Rxf7 22. Bh3 Kf8 23. Bc8 b6 24. Be6 Rf3 $1 25. Rf1 $1 Ke7 26. Rxf3 exf3 27. Kf2 a5 28. a3 c5 29. dxc5 dxc5 30. d4 Bc2 31. dxc5 bxc5 32. Kxf3 Bxb3 33. Bg8 Bc2 $1 34. Ke3 Kd6 35. Kd2 Be4 36. Kc3 h6 37. Kc4 a4 38. Bf7 Bc2 39. Kc3 Bb3 40. Be8 Kxd5 41. Bg6 Ke5 42. Bd3 Ke6 43. Be4 Kd6 44. Bf3 Ke5 45. Be2 Kf4 46. Bc4 Ke4 47. Bd3+ Ke3 48. Bb5 Ke4 49. Bd3+ Ke5 50. Bb5 Kd6 51. Be2 Kc6 52. Bf3+ Kb6 53. Be2 Bd5 54. Bd1 Kb5 55. Bc2 Bc6 56. Bd1 Kb6 57. Kc4 Be8 58. Bc2 Bf7+ 59. Kc3 Kb5 60. Bd1 Be8 61. Bc2 Bh5 62. Bd3+ $1 Ka5 63. Kc4 Kb6 64. Bf5 Kc6 65. Bd3 Bf3 66. Bf1 Bg4 67. Bd3 Bh5 68. Bf1 Kb6 69. Bh3 Be8 70. Bf5 Bb5+ 71. Kd5 Be2 72. Bd7 Bd1 73. Kc4 Kc7 74. Be8 Kd6 75. Kc3 Kd5 76. Bb5 Bb3 77. Bd3 Ke5 78. Bb5 Kf4 79. Bc4 Ke3 80. Bb5 Kf3 81. Bc4 Bd1 82. Bb5 Kg4 83. Bd7+ Kxh4 84. Kc4 Kg5 85. Kxc5 h5 86. Kb4 h4 87. Bxa4 Bxa4 88. Kxa4 Kg4 89. Kb4 Kh3 90. a4 Kxh2 91. a5 h3 92. a6 Kg1 93. a7 h2 94. a8=Q h1=Q 95. Qa1+ Kh2 96. Qxh1+ Kxh1 1/2-1/2

[Event "44th Chess Olympiad Open 2022"]
[Site "Chennai"]
[Date "2022.08.06"]
[Round "8.10"]
[White "Markoja, Boris"]
[Black "Hracek, Zbynek"]
[Result "1/2-1/2"]
[WhiteElo "2452"]
[BlackElo "2555"]
[Annotator "TA"]
[PlyCount "86"]
[EventDate "2022.??.??"]
[TimeControl "60"]

1. d4 d5 2. Nc3 Nf6 3. Bf4 c5 4. e4 cxd4 5. Qxd4 Nc6 6. Bb5 {[%emt 0:00:23][%cal Re4d5] D00:1 d4 d5: Unusual lines.}
Bd7 7. Bxc6 Bxc6 8. e5 Ne4 9. e6 Qb6 10. Qxb6 (10. exf7+ {looks sharper.} Kxf7 11. Qxb6 axb6 12.
Nxe4 dxe4 13. Ne2) 10... axb6 11. Nxe4 dxe4 12. exf7+ Kxf7 13. Ne2 {
[%emt 0:00:24][%cal Yg1e2,Ye2g3,Yg3f5] [#]} e6 $146 (13... g6
$5 ) ({Predecessor:} 13... h5 14. a3 h4 15. h3 Rh5 16. O-O-O g6
17. Be3 b5 18. Rd2 e6 19. Kb1 b4 20. axb4 Bxb4 {0-1 (42) Fiorito, F (2357)
-Tristan,L (2553) Chess.com INT 2022}) 14. O-O Be7 15. a3 b5 16. c3 g5 (16... Rhd8 {is interesting.} 17. Rfe1 Kf6 18. Nd4 e5) 17. Be3 (17. Be5 {with more complications.} Rhd8 18. Nd4 Bc5 19. Rfe1)
17... e5 18. Ng3 h5 19. Rfe1 h4 20. Nf5 Bf6 21. g4 Rhd8 22. h3 Rd3 23. Rac1 Rad8 24. Bb6 Rxh3 25.
Be3 (25. Bxd8 $11 {was the only way to keep the balance.} e3
26. fxe3 (26. Nd6+ Ke6 $17) 26... Rh1+ 27. Kf2 Rh2+ 28. Kg1 Rh1+ 29. Kf2 Rh2+
30. Kg1 Rh1+) 25... Rd3 26. c4 {[%emt 0:00:00] [#]} bxc4 27. Rxc4 Kg6 28. Rxc6 bxc6 29. a4 Bd8 30. b4 (30. Rc1 $15) 30... Rb3 (30...
Ra3 $17 31. a5 c5 32. Bxc5 Rhc3) 31. Kg2 {[%emt 0:03:58] [#]} (31. Rd1 $11 {
keeps the balance.}) 31... Rhxe3 $1 32. fxe3 $11 Rxb4 $17 {[%emt 0:00:08] Endgame KRB-KRN} 33. Rd1 Ba5 {
[%emt 0:01:09] And now ...Rb2+ would win.} (33... Rxa4 $2 34. Rxd8 Rc4 35. Rc8
Rc2+ 36. Kh3 $18) 34. Rd6+ $1 {[%emt 0:02:45] The position is equal.} Kf7 35. Rxc6 Rxa4 36. Ra6 Ra2+ 37. Kh3 Ra3 38. Nd6+ Kf8 39. Nc4 Rc3 40. Rxa5 Rxc4 41. Rxe5 Rc3 42. Rxg5 Rxe3+ 43. Kxh4 Re1 {[%emt 0:00:00] Weighted Error Value:
White=0.14 (very precise) /Black=0.15 (very precise)} 1/2-1/2